 Dungeon Crawl Stone Soup version 0.24.1 (webtiles) character file.

Game seed: 5717142960607141806, levelgen mode: deterministic

480517 hurston the Impregnable (level 24, -17/160 HPs)
             Began as a Gargoyle Fighter on Mar 27, 2020.
             Was the Champion of Makhleb.
             Killed from afar by an ancient lich (47 damage)
             ... with a bolt of acid
             ... on level 3 of the Crypt on Mar 28, 2020.
             The game lasted 06:15:40 (51690 turns).

hurston the Impregnable (Gargoyle Fighter)         Turns: 51690, Time: 06:15:40

Health: -17/160    AC: 67    Str: 45    XL:     24   Next: 85%
Magic:  33/33      EV: 20    Int: 11    God:    Makhleb [******]
Gold:   2327       SH: 38    Dex: 18    Spells: 37/37 levels left

rFire    + . .     SeeInvis +   N - +8 flail "Woyckukh" {flame, rN+ Int-4 SInv}
rCold    . . .     Gourm    +   v - +10 large shield of Ignorance {rN+ Int-4}
rNeg     + + +     Faith    .   p - +4 crystal plate armour "Emies" {rElec rF+ MR+}
rPois    ∞         Spirit   .   r - +2 helmet {Int+3}
rElec    +         Reflect  .   U - +1 cloak "Moetiss" {rElec Str+4 Int+3}
rCorr    .         Harm     .   A - +2 pair of gloves {Dex+3}
MR       ++...                  P - +2 pair of boots
Stlth    ..........             J - amulet of Naepsashroi {Gourm +Fly rF+ Str+4 Dex+6}
HPRegen  0.36/turn              b - ring "Ehyr Zet" {rPois rF- EV+3 Str+2 Slay+5}
MPRegen  0.23/turn              O - ring of Jul Ugh {rN+ AC+6 Str+7}

@: marked, corroded, very slightly contaminated
A: big wings, negative energy resistance 1, electricity resistance, unbreathing,
petrification resistance, rot immunity, AC +18
}: 2/15 runes: barnacled, gossamer
a: Fly, Minor Destruction, Lesser Servant of Makhleb, Major Destruction, Greater
Servant of Makhleb, Renounce Religion, Evoke Flight


You were on level 3 of the Crypt.
You worshipped Makhleb.
Makhleb was exalted by your worship.
You were not hungry.

You visited 8 branches of the dungeon, and saw 41 of its levels.
You also visited: Gauntlet, Ice Cave, Wizlab and Desolation.

You collected 4609 gold pieces.
You spent 2282 gold pieces at shops.

Inventory:

Hand Weapons
 k - a +5 flail of holy wrath
 N - the +8 flail "Woyckukh" (weapon) {flame, rN+ Int-4 SInv}
   (You found it on level 10 of the Dungeon)

   It has been specially enchanted to burn those struck by it, causing extra
   injury to most foes and up to half again as much damage against particularly
   susceptible opponents.
   It affects your intelligence (-4).
   It protects you from negative energy.
   It lets you see invisible.
Missiles
 h - 55 silver javelins
 t - 138 poisoned darts (quivered)
Armour
 c - a scarf of resistance
 p - the +4 crystal plate armour "Emies" (worn) {rElec rF+ MR+}
   (You acquired it on level 12 of the Dungeon)

   It protects you from fire.
   It insulates you from electricity.
   It affects your resistance to hostile enchantments.
 r - a +2 helmet of intelligence (worn)
 v - the +10 large shield of Ignorance (worn) {rN+ Int-4}
   (You found it on level 13 of the Dungeon)

   It affects your intelligence (-4).
   It protects you from negative energy.
 A - a +2 pair of gloves of dexterity (worn)
 P - a +2 pair of boots (worn)
 U - the +1 cloak "Moetiss" (worn) {rElec Str+4 Int+3}
   (You found it on level 4 of the Spider Nest)

   It affects your strength (+4).
   It affects your intelligence (+3).
   It insulates you from electricity.
Jewellery
 b - the ring "Ehyr Zet" (left hand) {rPois rF- EV+3 Str+2 Slay+5}
   (You found it in a Gauntlet)

   [ring of evasion]

   It affects your evasion (+3).
   It affects your strength (+2).
   It affects your accuracy and damage with ranged weapons and melee attacks
   (+5).
   It makes you vulnerable to fire.
   It protects you from poison.
 E - the ring of Greater Demons {rC+ MR+}
   (You found it in a Gauntlet)

   [ring of protection from magic]

   It protects you from cold.
   It affects your resistance to hostile enchantments.
 G - the amulet of Reimbursement {*Corrode MR+++ Regen+ Str+4 Slay+6}
   (You took it off a deep elf sorcerer on level 3 of the Elven Halls)

   [amulet of regeneration]

   It affects your strength (+4).
   It affects your accuracy and damage with ranged weapons and melee attacks
   (+6).
   It affects your resistance to hostile enchantments.
   It increases your rate of regeneration.
   It may corrode you when you take damage.
 J - the amulet of Naepsashroi (around neck) {Gourm +Fly rF+ Str+4 Dex+6}
   (You took it off a deep elf demonologist on level 3 of the Elven Halls)

   [amulet of the gourmand]

   It allows you to eat raw meat even when not hungry.
   It affects your strength (+4).
   It affects your dexterity (+6).
   It protects you from fire.
   It lets you fly.
 M - the amulet "Roxky" {+Rage rC+ MR+ Str+4}
   (You took it off a deep elf demonologist on level 3 of the Elven Halls)

   [amulet of rage]

   It affects your strength (+4).
   It protects you from cold.
   It affects your resistance to hostile enchantments.
   It lets you go berserk.
 O - the ring of Jul Ugh (right hand) {rN+ AC+6 Str+7}
   (You found it in the Desolation of Salt)

   [ring of protection]

   It affects your AC (+6).
   It affects your strength (+7).
   It protects you from negative energy.
 W - the ring "Luysuze" {rN+ rCorr}
   (You found it on level 2 of the Vaults)

   [ring of resist corrosion]

   It protects you from negative energy.
   It provides partial protection from all sources of acid and corrosion.
Wands
 j - a wand of random effects (8)
Scrolls
 a - a scroll of brand weapon
 l - 16 scrolls of teleportation
 m - a scroll of amnesia
 s - 5 scrolls of identify
 B - 5 scrolls of fear
 I - 3 scrolls of magic mapping
 K - 4 scrolls of holy word
 L - 2 scrolls of summoning
 R - 16 scrolls of remove curse
 X - 6 scrolls of blinking
Potions
 d - 9 potions of might
 e - a potion of ambrosia
 g - 3 potions of cancellation
 i - 11 potions of heal wounds
 q - 10 potions of curing
 z - 5 potions of resistance
 C - 9 potions of haste
 D - 4 potions of berserk rage
Comestibles
 f - 76 rations


   Skills:
 - Level 19.0 Fighting
   Level 2.2 Short Blades
 - Level 14.0 Maces & Flails
 - Level 7.0 Throwing
 + Level 22.3 Armour
 + Level 12.8 Dodging
 - Level 7.0 Stealth
 + Level 21.2 Shields
 + Level 7.1 Spellcasting
 - Level 11.0 Invocations
 - Level 8.0 Evocations


You had 37 spell levels left.
You didn't know any spells.
Your spell library contained the following spells:

 Spells                   Type           Power        Failure   Level  Hunger
 Animate Skeleton         Necr           N/A          75%         1    None
 Apportation              Tloc           #.....       75%         1    None
 Beastly Appendage        Tmut           #.....       75%         1    None
 Confusing Touch          Hex            #.....       75%         1    None
 Corona                   Hex            #......      75%         1    None
 Freeze                   Ice            #...         75%         1    None
 Infusion                 Chrm           #...         75%         1    None
 Magic Dart               Conj           #...         75%         1    None
 Sandblast                Erth           #.....       75%         1    None
 Sting                    Conj/Pois      #...         75%         1    None
 Summon Butterflies       Summ           #.......     75%         1    None
 Summon Small Mammal      Summ           #...         75%         1    None
 Call Imp                 Summ           #.......     87%         2    ##.....
 Corpse Rot               Necr           N/A          87%         2    ##.....
 Passwall                 Tmut/Erth      #.......     87%         2    ##.....
 Poisonous Vapours        Pois/Air       #.....       87%         2    ##.....
 Searing Ray              Conj           #.....       87%         2    ##.....
 Shroud of Golubria       Chrm/Tloc      #.....       87%         2    ##.....
 Song of Slaying          Chrm           #.......     87%         2    ##.....
 Sticks to Snakes         Tmut           #.......     87%         2    ##.....
 Swiftness                Chrm/Air       #.......     87%         2    ##.....
 Throw Frost              Conj/Ice       #.....       87%         2    ##.....
 Dazzling Spray           Conj/Hex       #.....       98%         3    ###....
 Ignite Poison            Fire/Tmut/Pois #.......     98%         3    ###....
 Mephitic Cloud           Conj/Pois/Air  #.......     98%         3    ###....
 Ozocubu's Armour         Chrm/Ice       #.......     98%         3    ###....
 Recall                   Summ/Tloc      N/A          98%         3    ###....
 Regeneration             Chrm/Necr      #.........   98%         3    ###....
 Spectral Weapon          Hex/Chrm       #.......     98%         3    ###....
 Spider Form              Tmut/Pois      #.........   98%         3    ###....
 Stone Arrow              Conj/Erth      #.....       98%         3    ###....
 Animate Dead             Necr           N/A          100%        4    ####...
 Cause Fear               Hex            #.........   100%        4    ####...
 Force Lance              Conj/Tloc      #.......     100%        4    ####...
 Fulminant Prism          Conj/Hex       #.........   100%        4    ####...
 Ice Form                 Ice/Tmut       #.......     100%        4    ####...
 Iskenderun's Mystic Bla  Conj           #.......     100%        4    ####...
 Olgreb's Toxic Radiance  Pois           #.......     100%        4    ####...
 Petrify                  Tmut/Erth      #.......     100%        4    ####...
 Summon Ice Beast         Ice/Summ       #.......     100%        4    ####...
 Throw Icicle             Conj/Ice       #.......     100%        4    ####...
 Alistair's Intoxication  Tmut/Pois      #.......     100%        5    ######.
 Aura of Abjuration       Summ           #.........   100%        5    ######.
 Blade Hands              Tmut           #.........   100%        5    ######.
 Bolt of Draining         Conj/Necr      #.........   100%        5    ######.
 Bolt of Magma            Conj/Fire/Erth #.........   100%        5    ######.
 Borgnjor's Vile Clutch   Necr/Erth      #.........   100%        5    ######.
 Dispel Undead            Necr           #.......     100%        5    ######.
 Excruciating Wounds      Chrm/Necr      #.........   100%        5    ######.
 Fireball                 Conj/Fire      #.........   100%        5    ######.
 Irradiate                Conj/Tmut      #.........   100%        5    ######.
 Iskenderun's Battlesphe  Conj/Chrm      #.......     100%        5    ######.
 Lee's Rapid Deconstruct  Erth           #.........   100%        5    ######.
 Metabolic Englaciation   Hex/Ice        #.........   100%        5    ######.
 Silence                  Hex/Air        #.........   100%        5    ######.
 Summon Mana Viper        Hex/Summ       #.......     100%        5    ######.
 Venom Bolt               Conj/Pois      #.........   100%        5    ######.
 Yara's Violent Unravell  Hex/Tmut       #.........   100%        5    ######.
 Bolt of Cold             Conj/Ice       #.........   100%        6    #######
 Bolt of Fire             Conj/Fire      #.........   100%        6    #######
 Darkness                 Hex            #.........   100%        6    #######
 Death Channel            Necr           #.........   100%        6    #######
 Deflect Missiles         Chrm/Air       #.........   100%        6    #######
 Dispersal                Tloc           #.........   100%        6    #######
 Freezing Cloud           Conj/Ice/Air   #.........   100%        6    #######
 Invisibility             Hex            #.......     100%        6    #######
 Iron Shot                Conj/Erth      #.........   100%        6    #######
 Ozocubu's Refrigeration  Ice            #.........   100%        6    #######
 Simulacrum               Ice/Necr       #.........   100%        6    #######
 Haunt                    Necr/Summ      #.........   100%        7    #######
 Malign Gateway           Summ/Tloc      #.........   100%        7    #######
 Monstrous Menagerie      Summ           #.........   100%        7    #######
 Orb of Destruction       Conj           #.........   100%        7    #######
 Ring of Flames           Chrm/Fire      #.........   100%        7    #######
 Spellforged Servitor     Conj/Summ      #.........   100%        7    #######
 Summon Greater Demon     Summ           #.........   100%        7    #######
 Borgnjor's Revivificati  Necr           #.........   100%        8    #######
 Death's Door             Chrm/Necr      #.........   100%        8    #######
 Discord                  Hex            #.........   100%        8    #######
 Ignition                 Fire           #.........   100%        8    #######
 Infestation              Necr           #.........   100%        8    #######
 Necromutation            Tmut/Necr      #.........   100%        8    #######
 Summon Horrible Things   Summ           #.........   100%        8    #######
 Sublimation of Blood     Necr           Unusable     N/A         2    N/A

Dungeon Overview and Level Annotations

Branches:
Dungeon (15/15)            Temple (0/1) D:5            Lair (6/6) D:8
 Shoals (4/4) Lair:2       Spider (4/4) Lair:3          Orc (2/2) D:9
    Elf (3/3) Orc:2        Vaults (4/5) D:13          Crypt (3/3) Vaults:2
   Tomb (0/3) Crypt:3      Depths (0/5) D:15          IceCv (visited)
 WizLab (visited)         Desolation (visited)      Gauntlet (visited)
  Slime: Lair:5-6

Altars:
Cheibriados
Dithmenos
Gozag
Kikubaaqudgha
Makhleb
Nemelex Xobeh
Okawaru
Qazlal
Ru
Sif Muna
Vehumet
Xom
Yredelemnul
Zin
Beogh

Shops:
D:6 ![   D:8 *   D:10 }   D:12 [   Orc:2 ?*=(}   Shoals:3 ?   Vaults:1 [
Vaults:2 *

Annotations:
Lair:6 exclusion: 2 oklob plants


Innate Abilities, Weirdness & Mutations

You are resistant to torment.
Your stone body is resilient. (AC +18)
You are immune to poison.
Your large and strong wings let you fly indefinitely.
You resist negative energy. (rN+)
You are resistant to electric shocks. (rElec)
You can survive without breathing.
You are immune to petrification.
You are immune to rotting.


Message History

The bolt of negative energy hits the ancient lich.
The ancient lich completely resists.
The bolt of negative energy hits you but does no damage.
You resist.
The tormentor calls on the powers of darkness!
Your body is wracked with pain!
The ancient lich closely misses you.
You thump the ancient lich! You burn the ancient lich.
The ancient lich is moderately damaged.
The ancient lich casts a spell at you. The bolt of acid hits you!!
* * * LOW HITPOINT WARNING * * *
The acid corrodes you!
You are splashed with acid!
* * * LOW HITPOINT WARNING * * *
Blink to where?
Press: ? - help, Dir - move target cursor You are very lightly contaminated with residual magic.
As you read the scroll of blinking, it crumbles to dust.
The ancient lich casts a spell at you. The bolt of acid hits you!!!
You die...

........................
..........).............
.....?....#########.....
..........# #.####
..........# #.#
..........# #.#
###.......#########.#
##..(.............#
#PP.@###.........#
#PP...##.........####
#P.P...#.............
#####PPP.P.#.............
....#PPPPP.......########
#########...#PPP..PL.....#
........#...#P>PP.P..L...#
........#...#PPPPP.......#
##'######...#########....#


You could see an ancient lich and a lich.

Vanquished Creatures
  Sojobo (Crypt:2)
  Margery (Vaults:3)
  A curse toe (Crypt:3)
  Nikola (Vaults:1)
  Jory (Vaults:2)
  A bone dragon (Crypt:3)
  A Brimstone Fiend (Spider:4)
  3 liches
  Rupert (D:15)
  A Cloud Mage (WizLab)
  Jorgrun (D:12)
  The ghost of Sassenached the Warrior, an adept GrWn of Nemelex Xobeh (Vaults:2)
  The ghost of endersaim the Spry, an adept MfSk of Qazlal (Spider:4)
  The ghost of Kyerol the Warrior, an adept TeSu of Ashenzari (Elf:2)
  A deep elf master archer (Elf:3)
  2 deep elf blademasters (Elf:3)
  6 ancient champions
  A sphinx (Vaults:4)
  3 tengu reavers
  A storm dragon (Vaults:3)
  Agnes (D:14)
  8 revenants
  Donald (Vaults:4)
  Ilsuiw (Shoals:4)
  2 frost giants
  10 deep elf sorcerers
  2 fire giants (Vaults:4)
  9 vault wardens
  3 ghost moths (Spider:4)
  5 imperial myrmidons (Desolation)
  4 deep elf elementalists (Elf:3)
  7 emperor scorpions
  3 ghouls
  A war gargoyle (Vaults:1)
  A curse skull (Crypt:3)
  2 very ugly things
  A reaper (Crypt:2)
  7 ironheart preservers
  12 stone giants
  8 entropy weavers
  8 vampire knights
  Azrael (D:12)
  Nessos (D:13)
  11 deep elf demonologists
  7 deep elf annihilators
  4 spark wasps
  2 halazid warlocks (Desolation)
  A minotaur (Gauntlet)
  11 merfolk impalers
  Snorg (D:11)
  5 eidola
  2 blizzard demons (WizLab)
  9 yaktaur captains
  A fire dragon (Vaults:1)
  4 merfolk javelineers (Shoals:4)
  7 deep elf death magi
  Josephine (Orc:1)
  3 great orbs of eyes
  A death ooze (Gauntlet)
  7 jiangshi
  8 servants of whispers
  9 ragged hierophants (Desolation)
  12 vault guards
  An ice dragon (Vaults:3)
  A deep elf high priest (Elf:3)
  2 hydras
  3 rakshasas
  2 spriggan air magi (WizLab)
  Erolcha (D:13)
  6 peacekeepers (Desolation)
  4 merfolk avatars
  A catoblepas (Gauntlet)
  5 centaur warriors
  3 merfolk aquamancers
  8 ogre magi
  34 two-headed ogres
  5 ghost crabs (WizLab)
  An alligator snapping turtle (Shoals:1)
  The ghost of Umeiruyss the Geomancer, a journeyman OpEE of Vehumet (D:11)
  4 death knights
  26 dancing weapons
  12 death yaks
  A satyr (Shoals:3)
  Urug (Lair:6)
  A tengu warrior (D:14)
  9 vampire magi
  Sonja (D:11)
  2 soul eaters
  Nergalle (D:11)
  A large abomination (Elf:3)
  A shock serpent (WizLab)
  2 hell knights (Vaults:3)
  14 deep elf knights
  5 unseen horrors
  3 wizards
  24 skeletal warriors
  A sixfirhy (D:13)
  2 shadow wraiths
  An anaconda zombie (Crypt:2)
  A quicksilver dragon simulacrum (Crypt:1)
  14 sea snakes
  5 glowing orange brains
  8 deep trolls
  4 flayed ghosts (Crypt:2)
  13 ironbrand convokers
  14 deep elf archers
  A golden dragon skeleton (Crypt:2)
  7 necromancers
  11 orc knights
  A kraken simulacrum (Shoals:4)
  44 deep elf magi
  11 phantasmal warriors
  2 wolf spider zombies (D:15)
  28 harpies
  18 manticores
  9 fauns
  39 wolf spiders
  56 ugly things
  2 fire giant zombies
  21 orb spiders
  6 orc sorcerers
  A sphinx skeleton (Crypt:1)
  9 cyclopes
  3 moths of wrath
  A naga mage (D:15)
  10 vault sentinels
  Maurice (Orc:1)
  3 elephants (Lair:6)
  2 iron dragon skeletons
  Joseph (D:9)
  5 black mambas
  8 merfolk sirens
  3 guardian serpents (Desolation)
  2 apocalypse crabs (WizLab)
  A dire elephant zombie (Crypt:3)
  21 spiny frogs
  A black draconian zombie (Crypt:1)
  2 gargoyles (Gauntlet)
  Psyche (D:11)
  5 molten gargoyles
  7 water nymphs
  4 torpor snails
  9 centaur skeletons
  4 rime drakes
  5 komodo dragons
  A yaktaur (shapeshifter) (Vaults:3)
  12 freezing wraiths
  33 yaktaurs
  A yellow draconian skeleton (Crypt:2)
  A redback zombie (D:14)
  A harpy zombie (D:13)
  A tengu conjurer (D:14)
  19 demonic crawlers
  A pale draconian skeleton (Crypt:3)
  A green draconian skeleton (Crypt:1)
  42 jumping spiders
  A meliai (Spider:4)
  2 ice devils (Orc:1)
  A golden dragon simulacrum (Crypt:1)
  4 tyrant leeches (Lair:6)
  A yaktaur skeleton (Vaults:4)
  A merfolk (shapeshifter) (Vaults:3)
  16 trolls
  29 merfolk
  Grinder (D:3)
  10 polar bears
  13 hornets
  53 saltlings
  8 wind drakes
  A hornet (shapeshifter) (Vaults:3)
  A blink frog (shapeshifter) (Vaults:4)
  2 bog bodies
  A tengu simulacrum (Vaults:1)
  11 slime creatures
  2 hydra skeletons (Crypt:1)
  20 blink frogs
  An ettin zombie (Crypt:1)
  A death drake skeleton (Crypt:2)
  A meliai zombie (Crypt:1)
  A guardian serpent zombie (Crypt:3)
  5 dream sheep (Lair:6)
  11 hippogriffs
  7 snapping turtles
  A fire dragon zombie (Crypt:2)
  5 flying skulls
  12 air elementals (WizLab)
  91 redbacks
  A spriggan (shapeshifter) (D:14)
  A satyr skeleton (Crypt:3)
  4 shadows
  6 wyverns
  5 vampires
  21 humans (D:13)
  14 water elementals
  16 wraiths
  A golden eye (shapeshifter) (Vaults:4)
  39 yaks
  35 tarantellas
  3 fire bats (Orc:2)
  6 fire elementals
  4 basilisks
  6 hungry ghosts
  14 vampire mosquitoes
  6 wargs
  9 water moccasins
  3 acid dragons
  A soldier ant (shapeshifter) (D:14)
  Duvessa (D:4)
  3 hell hounds (D:12)
  10 porcupines
  2 infernal demonspawn skeletons
  A spectral hornet (D:15)
  15 black bears
  26 orc warriors
  2 sky beasts
  3 ice beasts
  2 eyes of draining (D:11)
  2 necrophages
  2 phantoms
  5 wolves
  17 centaurs
  33 ogres
  A boggart (Vaults:2)
  An elephant skeleton (Crypt:3)
  9 crocodiles
  A spectral wyvern (D:11)
  6 big kobolds
  2 human zombies (Vaults:4)
  5 earth elementals
  28 bullfrogs
  Dowan (D:4)
  A water moccasin zombie (Crypt:3)
  4 scorpions
  A raiju zombie (Crypt:1)
  A hornet simulacrum (D:11)
  9 killer bees
  3 vampire bats (D:2)
  A raiju skeleton (Crypt:2)
  19 wights
  2 electric eels
  5 howler monkeys
  A spectral bullfrog (D:11)
  A troll skeleton (Crypt:2)
  9 crimson imps
  7 centaur zombies
  A bullfrog zombie (D:12)
  A human simulacrum (Vaults:4)
  2 yaktaur simulacra
  An iron imp (Spider:2)
  6 jellies
  2 bullfrog skeletons (D:12)
  10 hounds
  16 orc priests
  21 orc wizards
  2 basilisk skeletons
  Terence (D:3)
  5 iguanas
  11 worker ants
  A tengu zombie (Crypt:2)
  A centaur simulacrum (D:11)
  A sky beast zombie (Crypt:3)
  A hound zombie (D:11)
  A worker ant zombie (D:11)
  4 gnolls
  10 adders
  2 shadow imps
  An ufetubus (D:13)
  4 oozes
  2 adder zombies
  An adder skeleton (D:9)
  2 worms (D:2)
  4 dart slugs
  8 leopard geckos
  76 orcs
  3 bat skeletons (D:2)
  3 bat zombies (D:2)
  4 giant cockroaches
  3 hobgoblins
  19 jackals
  3 quokkas
  6 bats
  A dart slug zombie (Crypt:1)
  3 frilled lizards
  A giant cockroach zombie (D:5)
  11 goblins
  A goblin zombie (Crypt:3)
  A hobgoblin skeleton (Crypt:3)
  A jackal zombie (D:5)
  32 kobolds
  A quokka zombie (D:7)
  7 rats
  A crawling corpse (Elf:3)
  4 fungi
  27 plants
2042 creatures vanquished.

Vanquished Creatures (others)
  2 spark wasps (WizLab)
  A blizzard demon (WizLab)
  A deep elf high priest (Elf:3)
  A yaktaur captain (Vaults:4)
  A spriggan air mage (WizLab)
  A ghost crab (WizLab)
  2 death drakes (WizLab)
  A deep elf mage (Elf:3)
  A jumping spider (Spider:4)
  A wind drake (WizLab)
  4 slime creatures (D:12)
  A redback (Spider:1)
  An air elemental (WizLab)
  A yak (IceCv)
  A warg (Vaults:1)
  An ogre (Vaults:3)
  A wolf (IceCv)
  An orc wizard (Orc:2)
  An orc (Vaults:4)
  11 fungi
  39 plants
  12 tentacles (Shoals:4)
86 creatures vanquished.

Grand Total: 2128 creatures vanquished

Notes
Turn   | Place    | Note
-------+----------+-------------------------------------------
     0 | D:1      | hurston the Gargoyle Fighter began the quest for the Orb.
     0 | D:1      | Reached XP level 1. HP: 14/14 MP: 1/1
    71 | D:1      | Reached XP level 2. HP: 13/19 MP: 2/2
   362 | D:1      | Reached XP level 3. HP: 23/23 MP: 3/3
  1445 | D:2      | Reached XP level 4. HP: 27/29 MP: 4/4
  1481 | D:2      | Found an ancient bone altar of Kikubaaqudgha.
  1491 | D:2      | Reached skill level 4 in Armour
  1514 | D:2      | Reached skill level 1 in Maces & Flails
  1526 | D:2      | Reached XP level 5. HP: 33/33 MP: 5/5
  2033 | D:2      | Reached XP level 6. HP: 39/39 MP: 6/6
  2045 | D:2      | Found a shimmering blue altar of Sif Muna.
  2253 | D:3      | Noticed Terence
  2273 | D:3      | Killed Terence
  2560 | D:3      | Noticed Grinder
  2564 | D:3      | Paralysed by Grinder for 4 turns
  2575 | D:3      | Paralysed by Grinder for 7 turns
  2586 | D:3      | Killed Grinder
  2586 | D:3      | Reached skill level 5 in Fighting
  2586 | D:3      | Reached skill level 5 in Armour
  2586 | D:3      | Reached skill level 5 in Shields
  2586 | D:3      | Reached XP level 7. HP: 20/44 MP: 7/7
  2958 | D:4      | Noticed Duvessa
  2958 | D:4      | Noticed Dowan
  2973 | D:4      | Killed Duvessa
  2982 | D:4      | Killed Dowan
  3131 | D:4      | Found a glowing silver altar of Zin.
  3132 | D:4      | Found an opulent altar of Gozag.
  3295 | D:4      | Found a burning altar of Makhleb.
  3299 | D:4      | Became a worshipper of Makhleb the Destroyer
  3305 | D:4      | Found a sacrificial altar of Ru.
  3308 | D:4      | Found a stormy altar of Qazlal.
  3311 | D:4      | Found a snail-covered altar of Cheibriados.
  3470 | D:4      | Found a burning altar of Makhleb.
  3550 | D:5      | Entered Level 5 of the Dungeon
  3613 | D:4      | Reached XP level 8. HP: 22/51 MP: 8/8
  3758 | D:5      | Reached skill level 6 in Armour
  4119 | D:5      | Found a basalt altar of Yredelemnul.
  4121 | D:5      | Found a sparkling altar of Nemelex Xobeh.
  4342 | D:5      | Found a staircase to the Ecumenical Temple.
  4956 | D:6      | Found Zoreuzis's Distillery.
  4997 | D:6      | Found Seockem's Armour Boutique.
  5879 | D:7      | Reached * piety under Makhleb
  5978 | D:7      | Reached skill level 5 in Maces & Flails
  6035 | D:7      | Reached XP level 9. HP: 56/56 MP: 9/9
  6145 | D:7      | Reached skill level 7 in Armour
  6305 | D:7      | Reached skill level 1 in Throwing
  6440 | D:7      | Reached skill level 1 in Dodging
  6994 | D:8      | Reached ** piety under Makhleb
  7004 | D:8      | Found a staircase to the Lair.
  7034 | D:8      | Found a shadowy altar of Dithmenos.
  7094 | D:8      | Found a shimmering altar of Xom.
  7121 | D:8      | Found an iron altar of Okawaru.
  7154 | D:8      | Reached XP level 10. HP: 62/64 MP: 10/10
  7257 | D:8      | Found a radiant altar of Vehumet.
  7419 | D:8      | Found Wivenofu's General Store.
  7523 | D:8      | You fall into a shaft and drop 2 floors!
  7523 | D:10     | Entered Level 10 of the Dungeon
  7527 | D:10     | Noticed a two-headed ogre
  7546 | D:10     | Killed a two-headed ogre
  7551 | D:10     | Got a translucent flail
  7552 | D:10     | Identified the +8 flail "Woyckukh" {flame, rN+ Int-4 SInv}
                  | (You found it on level 10 of the Dungeon)
  7689 | D:10     | Found Along's Gadget Shoppe.
  8144 | D:6      | Bought a +4 chain mail of magic resistance for 409 gold
                  | pieces
  8448 | D:9      | Reached *** piety under Makhleb
  8574 | D:9      | Found a staircase to the Orcish Mines.
  8761 | D:9      | Noticed Joseph
  8776 | D:9      | Killed Joseph
  8776 | D:9      | Reached skill level 5 in Throwing
  8967 | D:9      | Noticed a two-headed ogre
  8975 | D:9      | Killed a two-headed ogre
  8975 | D:9      | Reached XP level 11. HP: 72/72 MP: 11/11
  9118 | Lair:1   | Entered Level 1 of the Lair of Beasts
  9291 | Lair:1   | Reached skill level 5 in Dodging
  9349 | Lair:1   | Got a twisted dagger
  9413 | Lair:1   | Identified the +4 dagger "Efun" {venom, MR+ Int+3} (You
                  | found it on level 1 of the Lair of Beasts)
  9541 | Lair:1   | Reached skill level 10 in Fighting
 10154 | Lair:2   | Reached **** piety under Makhleb
 10264 | Lair:2   | Found a staircase to the Shoals.
 10286 | Lair:2   | Reached skill level 8 in Armour
 10586 | Lair:2   | Reached XP level 12. HP: 79/79 MP: 12/12
 11307 | Lair:3   | Got a translucent steel ring
 11345 | Lair:3   | Reached skill level 9 in Armour
 11595 | Lair:3   | Reached skill level 10 in Maces & Flails
 11602 | Lair:3   | Reached ***** piety under Makhleb
 11789 | Lair:3   | Found a hole to the Spider Nest.
 12118 | Lair:4   | Found a gate leading to a gauntlet.
 12127 | Gauntlet | Entered a Gauntlet
 12127 | Gauntlet | Found a transporter.
 12127 | Gauntlet | Found a transporter.
 12145 | Gauntlet | Found a transporter.
 12147 | Gauntlet | Found a transporter.
 12161 | Gauntlet | Noticed a blizzard demon
 12164 | Gauntlet | Found a transporter.
 12166 | Gauntlet | Found a transporter.
 12176 | Gauntlet | Found a transporter.
 12176 | Gauntlet | Noticed a hell hog
 12194 | Gauntlet | Noticed a great orb of eyes
 12214 | Gauntlet | Noticed a catoblepas
 12219 | Gauntlet | Found a transporter.
 12248 | Gauntlet | Noticed a death ooze
 12249 | Gauntlet | Found a transporter.
 12263 | Gauntlet | Found a transporter.
 12267 | Gauntlet | Found a transporter.
 12278 | Gauntlet | Found a transporter.
 12362 | Gauntlet | Killed a death ooze
 12474 | Gauntlet | Killed a catoblepas
 12517 | Gauntlet | Got a fine glass ring
 12534 | Gauntlet | Killed a great orb of eyes
 12534 | Gauntlet | Reached skill level 10 in Armour
 12534 | Gauntlet | Reached skill level 10 in Shields
 12553 | Gauntlet | Reached XP level 13. HP: 86/86 MP: 13/13
 12565 | Gauntlet | Got a scorched bone ring
 12574 | Gauntlet | Identified the ring "Sub Zom" {rN+ MP+9} (You found it on
                  | level 3 of the Lair of Beasts)
 12576 | Gauntlet | Identified the ring "Ehyr Zet" {rPois rF- EV+3 Str+2
                  | Slay+5} (You found it in a Gauntlet)
 12578 | Gauntlet | Identified the ring of Greater Demons {rC+ MR+} (You found
                  | it in a Gauntlet)
 12611 | Gauntlet | Noticed a minotaur
 12635 | Gauntlet | Killed a minotaur
 12934 | D:6      | Bought a +2 cloak for 214 gold pieces
 14640 | Lair:6   | Entered Level 6 of the Lair of Beasts
 14723 | Lair:6   | Reached skill level 11 in Armour
 14977 | Lair:6   | Noticed Urug
 14994 | Lair:6   | Gained mutation: Your large and strong wings let you fly
                  | indefinitely. [Gargoyle growth]
 14994 | Lair:6   | Reached XP level 14. HP: 94/94 MP: 14/14
 15023 | Lair:6   | Killed Urug
 15277 | Lair:6   | Reached ****** piety under Makhleb
 15388 | Lair:6   | Reached skill level 12 in Armour
 16345 | Orc:1    | Entered Level 1 of the Orcish Mines
 16401 | Orc:1    | Noticed Maurice
 16419 | Orc:1    | Killed Maurice
 16554 | Orc:1    | Found a frozen archway.
 16574 | IceCv    | Entered an ice cave
 17036 | Orc:2    | Entered Level 2 of the Orcish Mines
 17036 | Orc:2    | Found a staircase to the Elven Halls.
 17171 | Orc:1    | Reached XP level 15. HP: 100/100 MP: 15/15
 17237 | Orc:2    | Noticed Josephine
 17273 | Orc:1    | Killed Josephine
 17280 | Orc:1    | Reached skill level 13 in Armour
 17325 | Orc:2    | Found Zuenets's Magic Scroll Boutique.
 17340 | Orc:2    | Found Wioceteb's Assorted Antiques.
 17373 | Orc:2    | Found Bulouwn's Antique Weapon Shoppe.
 17446 | Orc:2    | Found Lulupsousch's Jewellery Emporium.
 17468 | Orc:2    | Found Lutem's Gadget Shop.
 17507 | Orc:2    | Bought a scroll of enchant armour for 120 gold pieces
 17507 | Orc:2    | Bought 3 scrolls of identify for 96 gold pieces
 17566 | Orc:2    | Found a roughly hewn altar of Beogh.
 17951 | Orc:2    | Bought a scroll of acquirement for 832 gold pieces
 18759 | D:11     | Found a runed translucent gate.
 18760 | D:11     | Found a runed translucent gate.
 18761 | D:11     | Found a runed translucent gate.
 18765 | D:11     | Noticed Umeiruyss's ghost (journeyman OpEE)
 18800 | D:11     | Noticed Sonja
 18814 | D:11     | Killed Sonja
 18855 | D:11     | Noticed Snorg
 18863 | D:11     | Killed Snorg
 19195 | D:11     | Noticed Psyche
 19208 | D:11     | Killed Psyche
 19231 | D:11     | Noticed Nergalle
 19249 | D:11     | Killed Nergalle
 19565 | D:11     | Killed Umeiruyss's ghost
 19581 | D:11     | Got a twisted lajatang
 19584 | D:11     | Identified the cursed +3 lajatang of Conflict {slice,
                  | *Drain rElec Dex+2} (You found it on level 11 of the
                  | Dungeon)
 19606 | D:12     | Found Puqiec's Armour Shoppe.
 19874 | D:12     | Noticed Azrael
 19896 | D:12     | Killed Azrael
 20221 | D:12     | Reached skill level 15 in Fighting
 20277 | D:12     | Noticed Jorgrun
 20295 | D:12     | Killed Jorgrun
 20295 | D:12     | Reached skill level 1 in Spellcasting
 20824 | D:12     | Got a scintillating platinum ring
 20837 | D:12     | Got an ichor-stained crystal plate armour
 20838 | D:12     | Identified the ring "Popyism" {MR+ Str+2} (You found it on
                  | level 12 of the Dungeon)
 20839 | D:12     | Identified the +4 crystal plate armour "Emies" {rElec rF+
                  | MR+} (You acquired it on level 12 of the Dungeon)
 21288 | D:13     | Noticed Erolcha
 21291 | D:13     | Killed Erolcha
 21329 | D:13     | Reached XP level 16. HP: 108/108 MP: 19/19
 21465 | D:13     | Got a faintly glowing long sword
 21632 | D:13     | Reached skill level 1 in Invocations
 21675 | D:13     | Reached skill level 14 in Armour
 21845 | D:13     | Found a gate to the Vaults.
 21846 | D:13     | Found the +10 large shield of Ignorance {rN+ Int-4}
 22149 | D:13     | Noticed Nessos
 22159 | D:13     | Killed Nessos
 22556 | D:14     | Reached skill level 5 in Stealth
 22658 | D:14     | Noticed Agnes
 22666 | D:14     | Killed Agnes
 23185 | D:14     | Found a shadowy altar of Dithmenos.
 23206 | D:14     | Reached skill level 5 in Invocations
 23501 | D:15     | Entered Level 15 of the Dungeon
 23515 | D:15     | Noticed Rupert
 23537 | D:15     | Killed Rupert
 23750 | D:15     | Reached skill level 1 in Evocations
 23857 | D:15     | Reached skill level 15 in Armour
 23994 | D:15     | Found a staircase to the Depths.
 24093 | D:15     | Reached XP level 17. HP: 113/113 MP: 21/21
 24956 | D:8      | Identified the +2 long sword "Qeppeuqu" {venom, Int+2
                  | Dex+3} (You found it on level 13 of the Dungeon)
 25038 | Shoals:1 | Entered Level 1 of the Shoals
 25730 | Shoals:2 | Found Setwaed's Assorted Antiques.
 26066 | Shoals:2 | You fall into a shaft and drop 1 floor!
 26067 | Shoals:3 | Found Qiycas's Magic Scroll Shoppe.
 26728 | Shoals:3 | Bought a scroll of enchant armour for 112 gold pieces
 26728 | Shoals:3 | Bought a scroll of enchant armour for 112 gold pieces
 26728 | Shoals:3 | Bought a scroll of enchant armour for 112 gold pieces
 26983 | Shoals:3 | Reached skill level 15 in Shields
 27000 | Shoals:3 | Reached skill level 5 in Evocations
 27192 | Shoals:4 | Entered Level 4 of the Shoals
 27339 | Shoals:4 | Reached skill level 16 in Armour
 27571 | Shoals:4 | Noticed Ilsuiw
 27637 | Shoals:4 | Killed Ilsuiw
 27724 | Shoals:4 | Reached XP level 18. HP: 114/119 MP: 25/25
 28291 | Shoals:4 | Reached skill level 10 in Invocations
 28438 | Shoals:4 | Got a bloodstained halberd
 28627 | Shoals:4 | Got a barnacled rune of Zot
 28818 | Shoals:4 | Got a transparent tin ring
 28879 | Shoals:4 | Identified the ring of Humyt {MR+ Dex-5 Slay+2 SInv} (You
                  | found it on level 4 of the Shoals)
 29084 | Shoals:3 | Bought a scroll of remove curse for 45 gold pieces
 29084 | Shoals:3 | Bought a scroll of remove curse for 45 gold pieces
 29084 | Shoals:3 | Bought a scroll of identify for 30 gold pieces
 29084 | Shoals:3 | Bought a scroll of identify for 30 gold pieces
 29084 | Shoals:3 | Bought a scroll of remove curse for 45 gold pieces
 29086 | Shoals:3 | Identified the cursed +1 halberd of Hepliaklqana's Delight
                  | {chop, rN+ Str+5 Dex+3} (You found it on level 4 of the
                  | Shoals)
 29235 | Spider:1 | Entered Level 1 of the Spider Nest
 29887 | Spider:1 | Reached skill level 17 in Armour
 31140 | Spider:2 | Got a steaming leather armour
 31151 | Spider:2 | Identified the +1 leather armour of the Pits of Slime
                  | {-Cast rPois Stlth+} (You found it on level 2 of the Spider
                  | Nest)
 31483 | Spider:2 | Reached XP level 19. HP: 124/124 MP: 27/27
 32375 | Spider:4 | Entered Level 4 of the Spider Nest
 32375 | Spider:4 | Found a runed translucent gate.
 32375 | Spider:4 | Found a runed translucent gate.
 32375 | Spider:4 | Found a runed translucent gate.
 32379 | Spider:4 | Noticed endersaim's ghost (adept MfSk)
 32862 | Spider:4 | Noticed a Brimstone Fiend
 32881 | Spider:4 | Killed a Brimstone Fiend
 32906 | Spider:4 | Killed endersaim's ghost
 32969 | Spider:4 | Got a transparent cloak
 32981 | Spider:4 | Identified the +1 cloak "Moetiss" {rElec Str+4 Int+3} (You
                  | found it on level 4 of the Spider Nest)
 33039 | Spider:4 | Reached skill level 18 in Armour
 33449 | Spider:4 | Got a gossamer rune of Zot
 34091 | Elf:1    | Entered Level 1 of the Elven Halls
 34423 | Elf:1    | Identified the Disquisition on Summoning
 34690 | Elf:1    | Reached XP level 20. HP: 132/132 MP: 28/28
 35346 | Elf:2    | Found a runed translucent door.
 35347 | Elf:2    | Found a shimmering altar of Xom.
 35347 | Elf:2    | Noticed Kyerol's ghost (adept TeSu)
 35392 | Elf:2    | Killed Kyerol's ghost
 35641 | Elf:2    | Found a huge runed translucent gate.
 35641 | Elf:2    | Found a huge runed translucent gate.
 35652 | Elf:2    | Found a huge runed translucent gate.
 35658 | Elf:2    | Found a huge runed translucent gate.
 35658 | Elf:2    | Found a huge runed translucent gate.
 35815 | Elf:2    | Found a magical portal.
 36070 | WizLab   | Noticed Zuokic
 36088 | WizLab   | Killed Zuokic the Cloud Mage
 36158 | WizLab   | Got an encrusted quick blade
 36161 | WizLab   | Identified the Compendium of the Birds
 36204 | WizLab   | Identified the +5 quick blade of the Pariah {freeze, rN+}
                  | (You found it in a wizard's laboratory)
 36879 | Elf:2    | Reached skill level 19 in Armour
 37146 | Elf:3    | Entered Level 3 of the Elven Halls
 38177 | Elf:3    | Noticed a Brimstone Fiend
 38242 | Elf:3    | Reached XP level 21. HP: 140/140 MP: 29/29
 38388 | Elf:3    | Identified the amulet of Naepsashroi {Gourm +Fly rF+ Str+4
                  | Dex+6}
 38437 | Elf:3    | Identified the amulet of Reimbursement {*Corrode MR+++
                  | Regen+ Str+4 Slay+6}
 38454 | Elf:3    | Identified the amulet "Roxky" {+Rage rC+ MR+ Str+4}
 38461 | Elf:3    | Identified the +10 trident "Jelieph" {flame, Int+3}
 38635 | Elf:3    | Identified Further Progress in Wizardry
 38652 | Elf:3    | Got a heavily runed golden amulet
 38653 | Elf:3    | Identified the amulet "Itubroes" {Acrobat *Contam rN++}
                  | (You found it on level 3 of the Elven Halls)
 38656 | Elf:3    | Got a pair of smoking gloves
 38667 | Elf:3    | Identified the cursed +0 pair of gloves of Inevitability
                  | {-Cast rElec rCorr} (You found it on level 3 of the Elven
                  | Halls)
 38708 | Elf:3    | Got an ivory arbalest
 38715 | Elf:3    | Identified the +5 arbalest of Classification {venom, -Tele
                  | MR+ Dex+2} (You found it on level 3 of the Elven Halls)
 38723 | Elf:3    | Identified Voopt's Volume of Calling and Enhancements
 38768 | Elf:3    | Got a pitted spear
 38769 | Elf:3    | Identified the +8 spear "Ynavom" {flame, *Drain rN+ Int+2
                  | Stlth+} (You found it on level 3 of the Elven Halls)
 38783 | Elf:3    | Got a translucent ring mail
 38794 | Elf:3    | Identified the cursed +1 ring mail of the Lobster {Str+3
                  | Dex+5} (You found it on level 3 of the Elven Halls)
 38811 | Elf:3    | Got a twitching tin ring
 38813 | Elf:3    | Identified the ring of Satisfaction {Fire +Blink rElec
                  | Dex+3} (You found it on level 3 of the Elven Halls)
 38823 | Elf:3    | Got a pitted fustibalus
 38824 | Elf:3    | Identified the +6 fustibalus of Brawling {freeze, Str+3}
                  | (You found it on level 3 of the Elven Halls)
 39323 | Vaults:1 | Entered Level 1 of the Vaults
 39755 | Vaults:1 | Noticed Nikola
 39770 | Vaults:1 | Killed Nikola
 40398 | Vaults:1 | Found Fopodued's Armour Shop.
 41210 | Vaults:2 | Found a staircase to the Crypt.
 41260 | Vaults:2 | Found Yroar's General Store.
 41283 | Vaults:2 | Bought a potion of heal wounds for 80 gold pieces
 41713 | Vaults:2 | Found a runed translucent door.
 41713 | Vaults:2 | Noticed Sassenached's ghost (adept GrWn)
 41756 | Vaults:2 | Killed Sassenached's ghost
 41879 | Vaults:2 | Reached skill level 20 in Armour
 41893 | Vaults:2 | Reached XP level 22. HP: 148/148 MP: 30/30
 41968 | Vaults:2 | Noticed Jory
 41990 | Vaults:2 | Killed Jory
 42323 | Vaults:2 | Got a bound tin ring
 42325 | Vaults:2 | Identified the ring "Luysuze" {rN+ rCorr} (You found it on
                  | level 2 of the Vaults)
 42353 | Vaults:2 | Got a scorched hand axe
 42354 | Vaults:2 | Identified the +5 hand axe of Orrot {holy, rPois} (You
                  | found it on level 2 of the Vaults)
 43356 | Vaults:3 | Noticed Margery
 43376 | Vaults:3 | Killed Margery
 43642 | Vaults:3 | Reached skill level 10 in Dodging
 44362 | Vaults:3 | You fall into a shaft and drop 1 floor!
 44678 | Vaults:4 | Reached XP level 23. HP: 155/155 MP: 31/31
 44963 | Vaults:4 | Reached skill level 21 in Armour
 44969 | Vaults:4 | Found a ruined gateway.
 45086 | Desolati | Entered the Desolation of Salt
 45279 | Desolati | Got a transparent pewter ring
 45281 | Desolati | Identified the ring of Jul Ugh {rN+ AC+6 Str+7} (You found
                  | it in the Desolation of Salt)
 45290 | Desolati | Got a pitted short sword
 45291 | Desolati | Identified the +4 short sword of Tefoipp {pierce, rC++}
                  | (You found it in the Desolation of Salt)
 45587 | Desolati | Got a steaming platinum ring
 45591 | Desolati | Got a faintly glowing turquoise ring
 45602 | Desolati | Identified the ring of Trepidation {MR+ Str-3 Dex+4 Stlth+}
                  | (You found it in the Desolation of Salt)
 45604 | Desolati | Identified the ring "Soygoryqa" {rElec rN++ Int+8 Dex+3
                  | Stlth-} (You found it in the Desolation of Salt)
 45792 | Desolati | Identified the +4 scale mail of the Game Afoot {*Corrode
                  | Int+3 SInv}
 46012 | Desolati | Identified Sif Muna's Disquisition on Enthralling Sinister
                  | Secrets
 46020 | Desolati | Got a pitted spear
 46021 | Desolati | Identified the +2 spear "Angote" {pain, Int+2 Stlth+} (You
                  | found it in the Desolation of Salt)
 46192 | Vaults:4 | Noticed Donald
 46206 | Vaults:4 | Killed Donald
 47752 | Crypt:1  | Entered Level 1 of the Crypt
 48749 | Crypt:1  | Found an ancient bone altar of Kikubaaqudgha.
 49142 | Crypt:2  | Reached XP level 24. HP: 160/160 MP: 31/31
 49451 | Crypt:2  | Reached skill level 5 in Spellcasting
 49531 | Crypt:2  | Identified Qiam's Catalogue of Necromancy
 50016 | Crypt:2  | Noticed Sojobo
 50030 | Crypt:2  | Reached skill level 22 in Armour
 50057 | Crypt:2  | Killed Sojobo
 50238 | Crypt:3  | Entered Level 3 of the Crypt
 50988 | Crypt:3  | Noticed a curse toe
 51282 | Crypt:3  | Paralysed by a vampire knight for 7 turns
 51299 | Crypt:3  | Found a staircase to the Tomb.
 51440 | Crypt:3  | Killed a curse toe
 51656 | Crypt:3  | Noticed an ancient lich
 51656 | Crypt:3  | Noticed an ancient lich
 51660 | Crypt:3  | Identified the Papyrus of Poison and Black Rites
 51690 | Crypt:3  | Killed from afar by an ancient lich

Levels and vault maps discovered:
D:1:      dpeg_arrival_court, layout_basic, serial_forest,
          infiniplex_forest_end_1, infiniplex_forest_clump_small,
          infiniplex_forest_clump_small, infiniplex_forest_corner_1,
          infiniplex_forest_diagonal, infiniplex_forest_clump_C, st_stairs_5
D:2:      layout_basic, led_sif_pool, kennysheep_vampire_church
D:3:      layout_basic, uniq_terence, uniq_grinder
D:4:      layout_cave_pods, grunt_temple_overflow_gold_and_silver,
          grunt_temple_overflow_cloverleaf, first_ration,
          minmay_misc_feat_four_crosses, small_statue_intersection,
          minmay_misc_feat_alley, makhleb_heckhound_becter, uniq_duvessa
D:5:      layout_cave_pools, nemelex_xobeh_ov_fountains_minmay,
          minmay_temple_entry_enclosed_plants, basic_altar
D:6:      layout_layer_cave, serial_shops, kennysheep_mini, shop,
          minmay_misc_feat_hallway
D:7:      layout_basic
D:8:      layout_loops_ring, old_standard_altar, lemuel_doored_altar,
          grunt_temple_overflow_open, minmay_lair_entry_grove, serial_shops,
          shop
D:9:      layout_basic, erik_orc_4, uniq_joseph
D:10:     layout_roguey, serial_shops, shop
D:11:     layout_irregular_city, gammafunk_ghost_necromancy, uniq_nergalle,
          uniq_snorg, uniq_sonja, uniq_psyche
D:12:     minmay_the_grid_octo_tiled_squarecenter [minmay_the_grid_octo_horde,
          minmay_the_grid_octo_chip, minmay_the_grid_octo_fan_narrow,
          minmay_the_grid_octo_checkered,
          minmay_the_grid_square_5x5_megaprize_open,
          minmay_the_grid_square_5x5_inner_z,
          minmay_the_grid_square_5x5_sharp_hourglass,
          minmay_the_grid_square_5x5_two_walls_b,
          minmay_the_grid_square_5x5_bridge], layout_irregular_city,
          serial_shops, shop, uniq_jorgrun, uniq_azrael
D:13:     kennysheep_demon_hangout, layout_cave_pods, grunt_vaults_entry_tiered,
          hangedman_fish_farm, uniq_nessos, uniq_erolcha
D:14:     layout_gridville, grunt_dithmenos_smoke_and_mirrors, uniq_agnes
D:15:     grunt_enter_depths_magical_seal, layout_cave_pods,
          serial_column_ruins, column_ruins_hut, column_ruins_grid_1,
          column_ruins_open_small, column_ruins_columns_corner,
          column_ruins_open_medium, column_ruins_grid_1,
          hangedman_weighted_door, nicolae_lava_and_water, uniq_rupert
Lair:1:   layout_loops_ring
Lair:2:   beast_lair_carwin_large_4, layout_cave_pods,
          minmay_shoals_entry_centaurs, grunt_forest_stairs_basic,
          serial_bayou_pond_e
Lair:3:   layout_gridlike, dummy_spider_entry
Lair:4:   layout_hall_layers, gauntlet_entry_generic
Lair:5:   layout_regular_city, nicolae_quartered_pool_little,
          serial_bayou_pond_e
Lair:6:   minmay_lair_end_frog_pond, layout_long_grid,
          minmay_slime_entry_oklob_enclosed, uniq_urug
Shoals:1: layout_shoals
Shoals:2: layout_shoals, serial_shops, shop, nicolae_shoals_cliffside_cave
Shoals:3: layout_shoals, serial_shops, shop, nicolae_shoals_so_close
Shoals:4: shoals_end_grunt_ice, layout_shoals, shoal_ilsuiw,
          hangedman_shoals_cup_caves
Spider:1: layout_chambers
Spider:2: layout_spider_delve, nicolae_crawler_farm,
          hangedman_spider_tarantella_strand
Spider:3: layout_spider_delve
Spider:4: grunt_spider_rune_parallel, gammafunk_ghost_tricky_traps
Orc:1:    layout_caves, portal_ice_cave_demonic_guard, uniq_maurice
Orc:2:    st_orc_open, layout_caves, basic_altar, serial_shops, shop,
          nicolae_orc_lava_tube, uniq_josephine
Elf:1:    minmay_elf_arrival_plus, layout_geoelf_grid, minmay_elf_demonology
Elf:2:    layout_onion_city, ebering_ghost_xom, mu_enter_wizlab_3, minivault_27,
          palyth_stone_intersect
Elf:3:    minmay_elf_hall_quartered_circle, layout_geoelf_castle
Vaults:1: vaults_room_glass_cross, vaults_room_grid, v_misc_32,
          hangedman_vaults_stretched_pinwheel, nicolae_vaults_little_squares_6,
          ontoclasm_vaults_tryst, nicolae_vaults_little_squares_2,
          nicolae_vaults_windows_and_doors_thing,
          nicolae_vaults_border_crossing, v_alt_pattern_5,
          layout_vaults_big_room, serial_shops, shop, uniq_nikola
Vaults:2: gammafunk_vaults_ghost_grave, nicolae_vaults_shelves_hall, v_misc_14,
          ontoclasm_vaults_chip, nicolae_vaults_three_branches,
          ontoclasm_vaults_gateway, minmay_crypt_entry_vampire_xt, v_pattern_1,
          vaults_room_ringed_pool, nicolae_vaults_little_squares_1,
          nicolae_vaults_little_squares_1, vaults_dpeg_encased_lava,
          hangedman_vaults_locks, vaults_room_pool,
          vaults_room_hangedman_quadrants, hangedman_vaults_slice,
          nicolae_vaults_yaktaur_gun_rack, vaults_dpeg_diagonal,
          ontoclasm_vaults_ring_small, layout_vaults_omnicross, serial_shops,
          shop, uniq_jory
Vaults:3: vaults_room_grid, ontoclasm_vaults_misaligned,
          ontoclasm_vaults_decontamination, hangedman_vaults_restitches,
          nicolae_vaults_asterisk, ontoclasm_vaults_bender,
          vaults_room_guarded_vault, hangedman_vaults_trim,
          layout_vaults_omnigrid, uniq_margery
Vaults:4: nicolae_vaults_big_ls, nicolae_vaults_angled_halls, v_misc_23,
          v_rooms_6, grunt_vaults_trifunnel, vaults_mumra_hexcomb,
          hangedman_vaults_slice, nicolae_vaults_theta, v_pattern_3,
          grunt_vaults_focal, nicolae_vaults_quartermaster, vaults_dpeg_doors,
          layout_vaults_maze, portal_desolation_entry_salt, uniq_donald
Crypt:1:  layout_catacombs, basic_altar, grunt_crypt_arrival_webbed
Crypt:2:  layout_gridlike, special_room [special_room_morgue], uniq_sojobo
Crypt:3:  david_glass_crypt, layout_chaotic_city, tomb_entry_forgotten_bobbens

Skill      XL: |  1  2  3  4  5  6  7  8  9 10 11 12 13 14 15 16 17 18 19 20 21 22 23 24 |
---------------+-------------------------------------------------------------------------+-----
Short Blades   | 2 |  2.2
Armour         | 4 5 6 7 8 10 11 12 13 15 16 17 18 19 20 21 22 | 22.3
Fighting       | 4 5 6 8 9 10 12 13 14 15 16 17 18 19 | 19.0
Maces & Flails | 1 2 3 5 6 8 9 10 11 12 13 14 | 14.0
Shields        | 4 5 6 7 8 10 11 12 13 14 15 16 17 18 19 20 21 | 21.2
Throwing       | 3 5 6 7 |  7.0
Dodging        | 2 4 5 7 8 10 11 12 | 12.8
Stealth        | 2 3 7 |  7.0
Spellcasting   | 2 4 7 |  7.1
Invocations    | 6 9 11 | 11.0
Evocations     | 2 6 8 |  8.0

Action                   |  1- 3 |  4- 6 |  7- 9 | 10-12 | 13-15 | 16-18 | 19-21 | 22-24 || total
-------------------------+-------+-------+-------+-------+-------+-------+-------+-------++-------
Melee: Rapier            |    74 |       |       |       |       |       |       |       ||    74
       Whip              |    32 |   185 |   551 |    47 |       |       |       |       ||   815
       Flail             |       |       |     5 |   626 |  1196 |  2028 |  2003 |  2100 ||  7958
Throw: Dart              |       |       |     4 |    21 |    64 |     2 |    22 |       ||   113
  Use: Scroll            |       |       |    17 |    10 |    20 |    10 |     9 |     6 ||    72
       Potion            |       |       |       |     3 |     1 |     2 |       |     1 ||     7
 Stab: Distracted        |       |       |       |       |       |     1 |       |       ||     1
  Eat: Chunk             |     2 |     4 |    15 |    30 |    32 |    36 |    36 |    32 ||   187
Armor: Scale mail        |    54 |   179 |   198 |    20 |       |       |       |       ||   451
       Chain mail        |       |       |       |   332 |   376 |       |       |       ||   708
       Crystal plate arm |       |       |       |       |     2 |   725 |  1115 |   518 ||  2360
Dodge: Dodged            |    35 |    87 |   186 |   308 |   346 |   351 |   488 |   450 ||  2251
Block: Shield            |    52 |   125 |   307 |   442 |   791 |    65 |       |       ||  1782
       Large shield      |       |       |       |       |       |  2604 |  2898 |  2578 ||  8080
